[Event "21st Sants Open 2019"]
[Site "Cotxeres de Sants"]
[Date "2019.08.26"]
[Round "4.8"]
[White "Lagunow, Raphael"]
[Black "Garcia Ramos, Daniel"]
[Result "1/2-1/2"]
[ECO "C54"]
[WhiteElo "2431"]
[BlackElo "2348"]
[Annotator "NA"]
[PlyCount "35"]
[EventDate "2019.08.22"]
[EventType "swiss"]
[EventCountry "ESP"]
[SourceTitle "playchess.com"]
[Source "ChessBase"]
[SourceQuality "1"]
[TimeControl "40/5400+30:1800+30"]

1. e4 e5 2. Nf3 Nc6 3. Bc4 Bc5 4. c3 Nf6 5. d4 exd4 6. e5 d5 7. Bb5 Ne4 8. cxd4 Bb6 9. Nc3 O-O 10. Be3 Bg4 11. h3 Bh5 12. Qc2 Bg6 13. Qb3 Ne7 14. O-O c6 15. Bd3 Nd2 16. Bxd2 Bxd3 17. Rfe1 Bf5 18. Na4 1/2-1/2

[Event "21st Sants Open 2019"]
[Site "Cotxeres de Sants"]
[Date "2019.08.26"]
[Round "4.9"]
[White "Gokerkan, Cem Kaan"]
[Black "Bobadilla Viera, Jorge Samuel"]
[Result "1/2-1/2"]
[ECO "B51"]
[WhiteElo "2421"]
[BlackElo "2307"]
[Annotator "NA"]
[PlyCount "69"]
[EventDate "2019.08.22"]
[EventType "swiss"]
[EventCountry "ESP"]
[SourceTitle "playchess.com"]
[Source "ChessBase"]
[SourceQuality "1"]
[TimeControl "40/5400+30:1800+30"]

1. e4 c5 2. Nf3 d6 3. Bb5+ Nd7 4. c4 Ngf6 5. O-O g6 6. Nc3 Bg7 7. Ba4 O-O 8. d3 e5 9. a3 Nh5 10. Ne1 Nf4 11. Nc2 Ne6 12. b4 f5 13. exf5 gxf5 14. Rb1 Kh8 15. Bxd7 Bxd7 16. bxc5 Nxc5 17. Nd5 f4 18. d4 exd4 19. Bb2 f3 20. Bxd4 Qg5 21. Bxg7+ Qxg7 22. g3 Rae8 23. Nde3 Bc6 24. Qd4 Ne4 25. Qxg7+ Kxg7 26. Rbd1 b6 27. Rd3 Re5 28. Nd4 Bd7 29. Nd5 Bh3 30. Ra1 Ng5 31. Nf4 Rfe8 32. Rdd1 Re4 33. Nb5 Kh8 34. Nxd6 Rxf4 35. gxf4 1/2-1/2

[Event "21st Sants Open 2019"]
[Site "Cotxeres de Sants"]
[Date "2019.08.26"]
[Round "4.10"]
[White "Vaibhav, Suri"]
[Black "Sohier, Julien"]
[Result "1-0"]
[ECO "C65"]
[WhiteElo "2591"]
[BlackElo "2161"]
[Annotator "ChessBase"]
[PlyCount "87"]
[EventDate "2019.08.22"]
[EventType "swiss"]
[EventCountry "ESP"]
[SourceTitle "playchess.com"]
[Source "ChessBase"]
[SourceQuality "1"]
[TimeControl "40/5400+30:1800+30"]

1. e4 e5 2. Nf3 Nc6 3. Bb5 Nf6 4. d3 Bc5 5. c3 d6 6. d4 exd4 7. cxd4 Bb4+ 8. Kf1 d5 9. e5 Nd7 10. Qb3 Be7 11. Qxd5 O-O 12. Nc3 Nb4 13. Qe4 f5 14. Qe2 Nb6 15. Bc4+ Kh8 16. a3 N4d5 17. Nxd5 Nxd5 18. e6 c6 19. h4 Qd6 20. Bg5 Bxe6 21. Bxd5 cxd5 22. Re1 Bxg5 23. hxg5 Bd7 24. Qe7 Qxe7 25. Rxe7 Bc6 26. Ne5 Rfe8 27. Rc7 Kg8 28. g6 hxg6 29. Nxg6 Bb5+ 30. Kg1 Re1+ 31. Kh2 Rxh1+ 32. Kxh1 Bc6 33. Ne7+ Kf8 34. Nxf5 Re8 35. Nxg7 Re2 36. f4 Rxb2 37. f5 Be8 38. Ne6+ Kg8 39. Rg7+ Kh8 40. Re7 Bh5 41. Nf4 Bg4 42. Ng6+ Kg8 43. f6 Be6 44. Rg7# 1-0

[Event "21st Sants Open 2019"]
[Site "Cotxeres de Sants"]
[Date "2019.08.26"]
[Round "4.11"]
[White "Mieles Palau, Daniel"]
[Black "Idani, Pouya"]
[Result "0-1"]
[ECO "A37"]
[WhiteElo "2384"]
[BlackElo "2581"]
[Annotator "ChessBase"]
[PlyCount "52"]
[EventDate "2019.08.22"]
[EventType "swiss"]
[EventCountry "ESP"]
[SourceTitle "playchess.com"]
[Source "ChessBase"]
[SourceQuality "1"]
[TimeControl "40/5400+30:1800+30"]

1. c4 c5 2. Nc3 g6 3. g3 Bg7 4. Bg2 Nc6 5. Nf3 d6 6. O-O e6 7. e3 Nge7 8. d4 O-O 9. Re1 Rb8 10. b3 Nf5 11. Ne2 e5 12. dxe5 dxe5 13. Rb1 Nd6 14. Ng5 Qe7 15. Ba3 Qxg5 16. Bxc6 bxc6 17. Qxd6 Bf5 18. Qxc6 Bxb1 19. Rxb1 Rbc8 20. Qf3 f5 21. Rd1 e4 22. Qf4 Qh5 23. g4 fxg4 24. Qxe4 g3 25. Qd5+ Qxd5 26. cxd5 Rxf2 0-1

[Event "21st Sants Open 2019"]
[Site "Cotxeres de Sants"]
[Date "2019.08.26"]
[Round "4.13"]
[White "Antova, Gabriela"]
[Black "Santos Latasa, Jaime"]
[Result "0-1"]
[ECO "B68"]
[WhiteElo "2270"]
[BlackElo "2586"]
[Annotator "ChessBase"]
[PlyCount "156"]
[EventDate "2019.08.22"]
[EventType "swiss"]
[EventCountry "ESP"]
[SourceTitle "playchess.com"]
[Source "ChessBase"]
[SourceQuality "1"]
[TimeControl "40/5400+30:1800+30"]

1. e4 c5 2. Nf3 Nc6 3. d4 cxd4 4. Nxd4 Nf6 5. Nc3 d6 6. Bg5 e6 7. Qd2 a6 8. O-O-O Be7 9. f4 Bd7 10. Be2 Qc7 11. Rhe1 O-O 12. g4 b5 13. Bf3 Rac8 14. Kb1 Nxd4 15. Qxd4 Bc6 16. Ne2 Bb7 17. Qd3 Rfd8 18. Bxf6 Bxf6 19. g5 Be7 20. h4 Qc4 21. Nd4 Qxd3 22. Rxd3 Rc5 23. c3 Re8 24. Nb3 Rc7 25. f5 Bf8 26. Rde3 Rce7 27. f6 Rc7 28. Rd3 Kh8 29. a3 Bc8 30. Kc2 Bd7 31. Bh5 Bc6 32. Nd4 Ba8 33. Nb3 Rb8 34. Kd2 gxf6 35. gxf6 Bh6+ 36. Kc2 Bf4 37. Nd4 Be5 38. Nf3 Bxf6 39. Rxd6 a5 40. e5 Bxf3 41. Bxf3 Bxh4 42. Rh1 Bg5 43. Ra6 a4 44. Rc6 Rd7 45. Rd1 Rxd1 46. Bxd1 Rd8 47. Rd6 Rc8 48. Bh5 Rc7 49. Rb6 Kg7 50. Rxb5 Rd7 51. Ra5 Rd2+ 52. Kb1 Rh2 53. Bf3 Rh3 54. Bc6 Bf4 55. Rxa4 Bxe5 56. Re4 Bxc3 57. bxc3 Rxc3 58. Rg4+ Kf8 59. Ba4 Rxa3 60. Bc2 f5 61. Rh4 Kg7 62. Kc1 Kg6 63. Kd2 h6 64. Rg4+ Kf6 65. Rg1 Rh3 66. Bd3 Rh2+ 67. Ke1 h5 68. Rg8 h4 69. Bc4 Rc2 70. Bd3 Rb2 71. Kf1 Rb3 72. Bc4 Rc3 73. Bb5 e5 74. Bd7 e4 75. Rf8+ Ke7 76. Rxf5 Kxd7 77. Rf4 h3 78. Rxe4 Rc1+ 0-1

[Event "21st Sants Open 2019"]
[Site "Cotxeres de Sants"]
[Date "2019.08.26"]
[Round "4.14"]
[White "Harika, Dronavalli"]
[Black "Nogerbek, Kazybek"]
[Result "1/2-1/2"]
[ECO "E21"]
[WhiteElo "2495"]
[BlackElo "2375"]
[Annotator "ChessBase"]
[PlyCount "90"]
[EventDate "2019.08.22"]
[EventType "swiss"]
[EventCountry "ESP"]
[SourceTitle "playchess.com"]
[Source "ChessBase"]
[SourceQuality "1"]
[TimeControl "40/5400+30:1800+30"]

1. d4 Nf6 2. c4 e6 3. Nc3 Bb4 4. Nf3 O-O 5. Bg5 c5 6. Rc1 h6 7. Bh4 cxd4 8. Nxd4 d5 9. cxd5 g5 10. Bg3 Qxd5 11. a3 Bxc3+ 12. bxc3 Rd8 13. e3 e5 14. Nf3 Nc6 15. Qxd5 Rxd5 16. a4 Ne4 17. Bb5 a6 18. c4 Rc5 19. Bxc6 bxc6 20. Bxe5 g4 21. Bd4 Rf5 22. Nh4 Rxf2 23. Rf1 Rxf1+ 24. Kxf1 c5 25. Be5 Be6 26. Ke1 Rd8 27. Rb1 Bxc4 28. Nf5 Be6 29. Ne7+ Kh7 30. Rb8 Rxb8 31. Bxb8 c4 32. Be5 c3 33. a5 h5 34. Kd1 Bb3+ 35. Kc1 c2 36. Nc6 Nf2 37. Nb4 Kg6 38. Bd4 h4 39. e4 Nxe4 40. Nxa6 g3 41. h3 Bd5 42. Nb4 Ba8 43. Nxc2 Bb7 44. Ne1 Nd6 45. Bb6 Nc4 1/2-1/2

[Event "21st Sants Open 2019"]
[Site "Cotxeres de Sants"]
[Date "2019.08.26"]
[Round "4.15"]
[White "Recio Reyes, Sergio"]
[Black "Morais Carreras, Javier"]
[Result "0-1"]
[ECO "C42"]
[WhiteElo "1894"]
[BlackElo "1939"]
[Annotator "NA"]
[PlyCount "144"]
[EventDate "2019.08.22"]
[EventType "swiss"]
[EventCountry "ESP"]
[SourceTitle "playchess.com"]
[Source "ChessBase"]
[SourceQuality "1"]
[TimeControl "40/5400+30:1800+30"]

1. e4 e5 2. Nf3 Nf6 3. Nc3 Bb4 4. Nxe5 O-O 5. Be2 Re8 6. Nd3 Bxc3 7. dxc3 Nxe4 8. O-O d5 9. Nf4 c6 10. c4 d4 11. Re1 c5 12. Bd3 Nf6 13. Bd2 Bg4 14. f3 Bd7 15. b4 b6 16. Bf1 Bc6 17. Nd3 Nbd7 18. Bg5 Rxe1 19. Qxe1 Qf8 20. bxc5 bxc5 21. Qa5 Qd8 22. Qa3 h6 23. Bxf6 Qxf6 24. Qa5 Qd8 25. Qa3 Qg5 26. Re1 a5 27. f4 Qf5 28. Ne5 Re8 29. Qxa5 Nxe5 30. Rxe5 Rxe5 31. fxe5 Qxe5 32. Qd8+ Qe8 33. Qxe8+ Bxe8 34. Kf2 Bc6 35. Be2 Kf8 36. Bf3 Bd7 37. Ke2 Ke7 38. Kd3 Kd6 39. Bb7 f5 40. c3 dxc3 41. Kxc3 Bc6 42. Bc8 Ke5 43. g3 Ke4 44. Be6 g5 45. Kd2 f4 46. gxf4 gxf4 47. Ke2 Bb7 48. a4 Ke5 49. Bg4 Kd4 50. Be6 Kc3 51. Bd5 Ba6 52. a5 Kb4 53. Kf3 Kxa5 54. Kxf4 Kb4 55. Ke3 Kc3 56. h4 Bxc4 57. Be4 Kb2 58. Kd2 Bb3 59. Ke3 c4 60. Kf4 c3 61. Kg4 Bd1+ 62. Kf4 h5 63. Kg5 c2 64. Bxc2 Kxc2 65. Kf4 Kd3 66. Kg3 Ke4 67. Kf2 Kf4 68. Ke1 Bb3 69. Kf2 Kg4 70. Kg2 Bd5+ 71. Kh2 Kxh4 72. Kg1 Kg3 0-1

[Event "21st Sants Open 2019"]
[Site "Cotxeres de Sants"]
[Date "2019.08.26"]
[Round "4.16"]
[White "Rios Torondell, Jaume"]
[Black "Carmona Huertas, Juan Antonio"]
[Result "1-0"]
[ECO "A00"]
[WhiteElo "1891"]
[BlackElo "1930"]
[Annotator "NA"]
[PlyCount "133"]
[EventDate "2019.08.22"]
[EventType "swiss"]
[EventCountry "ESP"]
[SourceTitle "playchess.com"]
[Source "ChessBase"]
[SourceQuality "1"]
[TimeControl "40/5400+30:1800+30"]

1. g4 d5 2. Bg2 c6 3. h3 e5 4. c4 d4 5. d3 Bd6 6. Nf3 Ne7 7. O-O h5 8. g5 h4 9. Nbd2 Nd7 10. Ne4 Nf8 11. e3 Ne6 12. exd4 exd4 13. Nxd6+ Qxd6 14. Re1 Ng6 15. b4 O-O 16. c5 Qc7 17. Re4 Nef4 18. Bxf4 Nxf4 19. Nxd4 Bxh3 20. Bxh3 Nxh3+ 21. Kg2 Nf4+ 22. Kh1 Rfe8 23. Qf3 Rxe4 24. Qxe4 Rd8 25. Re1 Qd7 26. Qxf4 Qh3+ 27. Kg1 Rd5 28. Re8+ Kh7 29. Re5 Rxe5 30. Qxe5 Qg4+ 31. Kh2 g6 32. f3 Qd7 33. Qd6 Qe8 34. Qf4 Kg8 35. Qe4 Qd7 36. f4 Qg4 37. Qf3 Qd7 38. Qf2 h3 39. f5 Qd5 40. fxg6 fxg6 41. Kxh3 Qxg5 42. Qf3 Qh6+ 43. Kg3 Qg5+ 44. Qg4 Qe5+ 45. Kf3 Qd5+ 46. Ke3 Qe5+ 47. Kd2 Kg7 48. Qe4 Qh2+ 49. Qe2 Qf4+ 50. Qe3 Qh2+ 51. Ne2 Qc7 52. Qd4+ Kh7 53. Qd6 Qf7 54. Qh2+ Kg7 55. Nc3 g5 56. Qe5+ Kg6 57. Ne4 Qxa2+ 58. Ke3 Qg2 59. Qf6+ Kh5 60. Qf3+ Qxf3+ 61. Kxf3 b6 62. Kg3 bxc5 63. Nxc5 g4 64. Na6 Kg5 65. Nb8 c5 66. bxc5 Kf6 67. c6 1-0

[Event "21st Sants Open 2019"]
[Site "Cotxeres de Sants"]
[Date "2019.08.26"]
[Round "4.17"]
[White "Delgadillo Torrico, Felipe"]
[Black "Planella Sanchez, Jordi"]
[Result "1/2-1/2"]
[ECO "A49"]
[WhiteElo "1867"]
[BlackElo "1919"]
[Annotator "NA"]
[PlyCount "150"]
[EventDate "2019.08.22"]
[EventType "swiss"]
[EventCountry "ESP"]
[SourceTitle "playchess.com"]
[Source "ChessBase"]
[SourceQuality "1"]
[TimeControl "40/5400+30:1800+30"]

1. d4 Nf6 2. Nf3 g6 3. g3 Bg7 4. Bg2 O-O 5. c4 c6 6. O-O d6 7. Nc3 Qc7 8. e4 e5 9. h3 b6 10. Re1 Bb7 11. b3 Re8 12. dxe5 dxe5 13. Qe2 Na6 14. Ba3 Rad8 15. Rad1 Bf8 16. Bxf8 Kxf8 17. Rxd8 Rxd8 18. Rd1 Rxd1+ 19. Qxd1 Nc5 20. Ne1 Qd7 21. Qxd7 Nfxd7 22. h4 Ke7 23. Bh3 Nf8 24. f3 Nce6 25. Kf2 Nd4 26. Ke3 Nfe6 27. f4 f6 28. fxe5 fxe5 29. Nd3 Kd6 30. Bg4 Nc5 31. Bd1 Nxd3 32. Kxd3 Bc8 33. Na4 Be6 34. Nb2 Bd7 35. Kc3 Bh3 36. Nd3 Bf1 37. Kd2 Bxd3 38. Kxd3 Kc5 39. Kc3 a5 40. a3 Kd6 41. b4 axb4+ 42. axb4 Ne6 43. Kd3 Ke7 44. Ke3 Kf6 45. Bg4 Nd4 46. Kd3 g5 47. h5 Kf7 48. Bd7 Ke7 49. Bg4 Kf6 50. Bc8 Nb3 51. g4 Nd4 52. Kc3 h6 53. Bd7 Ke7 54. Bf5 Ne2+ 55. Kd3 Nf4+ 56. Ke3 Kd6 57. Kd2 Kc7 58. Kc2 Kb7 59. Kb3 Nh3 60. Kc3 Nf2 61. Kd2 Ka6 62. Bc8+ Ka7 63. Bf5 Kb7 64. Ke2 Nh3 65. Ke3 Nf4 66. Kd2 Kc7 67. Ke3 Kd6 68. Kd2 Ng2 69. Ke2 Kc7 70. Kf2 Nf4 71. Ke3 Kb7 72. Kd2 Ka7 73. Ke3 Kb7 74. Kd2 c5 75. b5 Kc7 1/2-1/2

[Event "21st Sants Open 2019"]
[Site "Cotxeres de Sants"]
[Date "2019.08.26"]
[Round "4.18"]
[White "Perla, Ilan"]
[Black "Vadillo, Torre Ismael"]
[Result "0-1"]
[ECO "C28"]
[WhiteElo "1551"]
[BlackElo "1616"]
[Annotator "NA"]
[PlyCount "92"]
[EventDate "2019.08.22"]
[EventType "swiss"]
[EventCountry "ESP"]
[SourceTitle "playchess.com"]
[Source "ChessBase"]
[SourceQuality "1"]
[TimeControl "40/5400+30:1800+30"]

1. e4 e5 2. Nc3 Nc6 3. Bc4 Nf6 4. d3 Be7 5. Nge2 d6 6. O-O Na5 7. Bd5 O-O 8. a4 Nxd5 9. Nxd5 f5 10. b4 Nc6 11. b5 Nb8 12. exf5 Bxf5 13. Ng3 Be6 14. Nxe7+ Qxe7 15. d4 Bc4 16. Re1 Qf7 17. Be3 Nd7 18. Ne4 Qg6 19. Nd2 Bd5 20. f3 Be6 21. c4 exd4 22. Bxd4 Rf4 23. Re4 Rxe4 24. fxe4 Bh3 25. Qf3 Be6 26. Rf1 Rf8 27. Qe2 Rxf1+ 28. Nxf1 Qf7 29. Nd2 b6 30. Qd3 Qh5 31. Nf3 Qf7 32. Nd2 Qf4 33. Be3 Qf6 34. Bd4 Qf7 35. Qe2 Qf4 36. Be3 Qe5 37. Qf3 Qa1+ 38. Qf1 Qxf1+ 39. Kxf1 Ne5 40. Bd4 Nxc4 41. Nb1 Kf7 42. Ke2 g6 43. Kd3 Na5 44. Kc3 Bb3 45. Kb4 Be6 46. Nc3 c5+ 0-1

[Event "21st Sants Open 2019"]
[Site "Cotxeres de Sants"]
[Date "2019.08.26"]
[Round "4.19"]
[White "Paton Alvarez, Ivan"]
[Black "Moya Sarda, Amadeu"]
[Result "1-0"]
[ECO "B90"]
[WhiteElo "1544"]
[BlackElo "1607"]
[Annotator "NA"]
[PlyCount "47"]
[EventDate "2019.08.22"]
[EventType "swiss"]
[EventCountry "ESP"]
[SourceTitle "playchess.com"]
[Source "ChessBase"]
[SourceQuality "1"]
[TimeControl "40/5400+30:1800+30"]

1. e4 c5 2. Nf3 d6 3. d4 cxd4 4. Nxd4 Nf6 5. Nc3 a6 6. h3 e5 7. Nb3 Be6 8. Bg5 Be7 9. Bxf6 Bxf6 10. Be2 O-O 11. Nd5 Bg5 12. O-O f5 13. exf5 Bxf5 14. f4 exf4 15. Nxf4 Qb6+ 16. Kh1 Be4 17. Bc4+ Kh8 18. Ng6+ hxg6 19. Rxf8+ Kh7 20. Bg8+ Kh6 21. Bd5 Bxg2+ 22. Bxg2 Kh7 23. Qd5 Bf6 24. Be4 1-0

[Event "21st Sants Open 2019"]
[Site "Cotxeres de Sants"]
[Date "2019.08.27"]
[Round "5.1"]
[White "Valenzuela Gomez, Fernando"]
[Black "Puranik, Abhimanyu"]
[Result "0-1"]
[ECO "A50"]
[WhiteElo "2388"]
[BlackElo "2550"]
[Annotator "ChessBase"]
[PlyCount "94"]
[EventDate "2019.08.22"]
[EventType "swiss"]
[EventCountry "ESP"]
[SourceTitle "playchess.com"]
[Source "ChessBase"]
[SourceQuality "1"]
[TimeControl "40/5400+30:1800+30"]

1. d4 Nf6 2. c4 g6 3. h4 c6 4. Nc3 d5 5. cxd5 cxd5 6. Bf4 Nc6 7. e3 Bg7 8. Be2 Ne4 9. h5 g5 10. h6 Bf8 11. Bh2 e6 12. Nf3 g4 13. Ne5 g3 14. Bxg3 Nxg3 15. fxg3 Nxe5 16. dxe5 Bd7 17. Bh5 Qg5 18. O-O Bc5 19. Bxf7+ Ke7 20. Qh5 Bxe3+ 21. Kh2 Qxh6 22. Rae1 Raf8 23. Ne2 Qxh5+ 24. Bxh5 Rxf1 25. Rxf1 Rf8 26. Rxf8 Kxf8 27. Kh3 Ke7 28. Kg4 Bb5 29. Nc3 Bc6 30. Nd1 Bh6 31. Kf3 d4+ 32. Ke2 Bg7 33. Bf3 Bb5+ 34. Kd2 Bxe5 35. Bxb7 Bxg3 36. b3 Kd6 37. Nb2 Bf4+ 38. Kc2 Bc6 39. Bxc6 Kxc6 40. Kd3 Kd5 41. Nd1 Bg3 42. Ke2 e5 43. Kf3 Be1 44. Nf2 Bxf2 45. Kxf2 e4 46. a3 d3 47. Ke3 Ke5 {Kd4+} 0-1

[Event "21st Sants Open 2019"]
[Site "Cotxeres de Sants"]
[Date "2019.08.27"]
[Round "5.3"]
[White "Arjun Kalyan"]
[Black "Gines Esteo, Pedro Antonio"]
[Result "1-0"]
[ECO "B12"]
[WhiteElo "2482"]
[BlackElo "2417"]
[Annotator "ChessBase"]
[PlyCount "79"]
[EventDate "2019.08.22"]
[EventType "swiss"]
[EventCountry "ESP"]
[SourceTitle "playchess.com"]
[Source "ChessBase"]
[SourceQuality "1"]
[TimeControl "40/5400+30:1800+30"]

1. e4 c6 2. d4 d5 3. e5 Bf5 4. h4 h5 5. Bd3 Bxd3 6. Qxd3 e6 7. Bg5 Be7 8. Nf3 Nh6 9. Bxh6 Rxh6 10. c4 dxc4 11. Qxc4 Nd7 12. Nc3 Nb6 13. Qb3 Rg6 14. g3 Rg4 15. O-O-O a5 16. Qc2 a4 17. Qh7 Nd5 18. Qg8+ Bf8 19. Ne4 Rxe4 20. Ng5 Qxg5+ 21. hxg5 g6 22. Rxh5 Ne7 23. Qh7 a3 24. Rh4 axb2+ 25. Kb1 Re2 26. Rf4 O-O-O 27. Qxf7 Nd5 28. Rf3 c5 29. Rb3 b6 30. Qf3 c4 31. Qxe2 cxb3 32. Qxb2 bxa2+ 33. Kxa2 Kb7 34. Kb3 Bb4 35. Rc1 Rf8 36. f4 Rh8 37. Qc2 Rh3 38. Qc8+ Ka7 39. Rc7+ Nxc7 40. Qxc7+ 1-0

[Event "21st Sants Open 2019"]
[Site "Cotxeres de Sants"]
[Date "2019.08.27"]
[Round "5.4"]
[White "Mascaro March, Pedro"]
[Black "Vaibhav, Suri"]
[Result "0-1"]
[ECO "D38"]
[WhiteElo "2376"]
[BlackElo "2591"]
[Annotator "ChessBase"]
[PlyCount "88"]
[EventDate "2019.08.22"]
[EventType "swiss"]
[EventCountry "ESP"]
[SourceTitle "playchess.com"]
[Source "ChessBase"]
[SourceQuality "1"]
[TimeControl "40/5400+30:1800+30"]

1. d4 d5 2. c4 e6 3. Nf3 Nf6 4. Nc3 Bb4 5. Qa4+ Nc6 6. e3 O-O 7. Bd2 Re8 8. Be2 a6 9. O-O dxc4 10. Bxc4 Bd6 11. a3 h6 12. b4 e5 13. Qb3 Qe7 14. h3 e4 15. Nh2 b5 16. Be2 Bf5 17. f4 exf3 18. Bxf3 Bxh2+ 19. Kxh2 Bd3 20. Rfe1 Qd6+ 21. Kh1 Rad8 22. Nd5 Ne4 23. Nf4 Nxd4 24. exd4 Nxd2 25. Qxd3 Qxf4 26. Bc6 Re6 27. Rxe6 fxe6 28. Qe2 Rd6 29. Bb7 Qxd4 30. Rd1 Ne4 31. Rxd4 Ng3+ 32. Kh2 Nxe2 33. Rxd6 cxd6 34. Bxa6 Nc3 35. Kg3 Kf7 36. Kf3 e5 37. Ke3 d5 38. Kd3 d4 39. Bb7 Nb1 40. a4 bxa4 41. b5 Ke7 42. b6 Kd6 43. Bd5 Nc3 44. b7 Kc7 0-1

[Event "21st Sants Open 2019"]
[Site "Cotxeres de Sants"]
[Date "2019.08.27"]
[Round "5.5"]
[White "Idani, Pouya"]
[Black "Avila Pavas, Santiago"]
[Result "1-0"]
[ECO "B39"]
[WhiteElo "2581"]
[BlackElo "2411"]
[Annotator "ChessBase"]
[PlyCount "115"]
[EventDate "2019.08.22"]
[EventType "swiss"]
[EventCountry "ESP"]
[SourceTitle "playchess.com"]
[Source "ChessBase"]
[SourceQuality "1"]
[TimeControl "40/5400+30:1800+30"]

1. e4 c5 2. Nf3 g6 3. c4 Bg7 4. d4 cxd4 5. Nxd4 Nc6 6. Be3 Nf6 7. Nc3 Ng4 8. Qxg4 Nxd4 9. Qd1 e5 10. Be2 d6 11. O-O O-O 12. Nb5 Nxb5 13. cxb5 Be6 14. Qa4 Qe7 15. Rfd1 Rfd8 16. Bc4 a6 17. Bd5 Qd7 18. Qa5 axb5 19. Qb6 Bxd5 20. Rxd5 Qc6 21. Qxb5 Qxb5 22. Rxb5 Rd7 23. a4 f5 24. f3 Rc8 25. Rc1 Rxc1+ 26. Bxc1 Rc7 27. Bd2 Kf7 28. Kf1 Ke6 29. Ke2 Bf6 30. Kd3 h5 31. a5 Bd8 32. Be3 Be7 33. b4 Kd7 34. Rd5 Rc8 35. b5 Ra8 36. Bd2 fxe4+ 37. fxe4 Bd8 38. Bb4 Bxa5 39. Rxd6+ Kc7 40. Bc5 b6 41. Rc6+ Kd7 42. Bxb6 Bxb6 43. Rxb6 g5 44. Ra6 Rf8 45. Rg6 g4 46. Rg5 Kd6 47. Rxh5 Rf2 48. g3 Ra2 49. b6 Rb2 50. Kc4 Rc2+ 51. Kb5 Re2 52. Rh7 Rb2+ 53. Ka6 Kc5 54. Rh6 Rb4 55. Kb7 Kb5 56. Rd6 Rxe4 57. Rd5+ Kc4 58. Kc6 1-0

[Event "21st Sants Open 2019"]
[Site "Cotxeres de Sants"]
[Date "2019.08.27"]
[Round "5.7"]
[White "Antal, Gergely"]
[Black "Domingo Nunez, Alejandro"]
[Result "1-0"]
[ECO "B48"]
[WhiteElo "2549"]
[BlackElo "2392"]
[Annotator "ChessBase"]
[PlyCount "59"]
[EventDate "2019.08.22"]
[EventType "swiss"]
[EventCountry "ESP"]
[SourceTitle "playchess.com"]
[Source "ChessBase"]
[SourceQuality "1"]
[TimeControl "40/5400+30:1800+30"]

1. e4 c5 2. Nf3 e6 3. d4 cxd4 4. Nxd4 Nc6 5. Nc3 Qc7 6. Be3 a6 7. a3 Be7 8. f4 b5 9. Nxc6 dxc6 10. Qg4 g6 11. Qh3 f5 12. e5 Bb7 13. Be2 h5 14. Qg3 Kf7 15. Qf2 c5 16. Bf3 Nh6 17. h3 Rhd8 18. Bxb7 Qxb7 19. O-O Qc6 20. Rfd1 Kg7 21. Ne2 Nf7 22. c3 a5 23. b4 axb4 24. axb4 Rd3 25. Bxc5 Bxc5 26. bxc5 Qd5 27. Nd4 Rxa1 28. Rxa1 Rxc3 29. Ra6 Nd8 30. Rd6 1-0

[Event "21st Sants Open 2019"]
[Site "Cotxeres de Sants"]
[Date "2019.08.27"]
[Round "5.9"]
[White "Bobadilla Viera, Jorge Samuel"]
[Black "Lagunow, Raphael"]
[Result "1/2-1/2"]
[ECO "B30"]
[WhiteElo "2307"]
[BlackElo "2431"]
[Annotator "NA"]
[PlyCount "84"]
[EventDate "2019.08.22"]
[EventType "swiss"]
[EventCountry "ESP"]
[SourceTitle "playchess.com"]
[Source "ChessBase"]
[SourceQuality "1"]
[TimeControl "40/5400+30:1800+30"]

1. e4 c5 2. Nf3 Nc6 3. Nc3 e5 4. Bc4 Be7 5. d3 d6 6. O-O Nf6 7. Ng5 O-O 8. f4 h6 9. Nf3 exf4 10. Bxf4 Be6 11. Nd5 Qd7 12. Qd2 Bd8 13. h3 a6 14. Rae1 Bxd5 15. Bxd5 Ba5 16. c3 Nxd5 17. exd5 Ne7 18. Re4 h5 19. Bh2 f6 20. Re6 Bc7 21. c4 Ng6 22. d4 Rfe8 23. Rfe1 cxd4 24. Nxd4 Ne5 25. b3 Bb6 26. Kh1 Bxd4 27. Rxe8+ Rxe8 28. Qxd4 Qc7 29. Bg3 b5 30. cxb5 axb5 31. Bxe5 fxe5 32. Qb4 Qc5 33. Qxc5 dxc5 34. d6 e4 35. d7 Rd8 36. Rxe4 Rxd7 37. Re5 Rc7 38. Rxh5 c4 39. bxc4 bxc4 40. Rf5 c3 41. Rf1 Ra7 42. Rc1 Rxa2 1/2-1/2

[Event "21st Sants Open 2019"]
[Site "Cotxeres de Sants"]
[Date "2019.08.27"]
[Round "5.12"]
[White "Santos Latasa, Jaime"]
[Black "Dominguez Pons, Eric"]
[Result "1-0"]
[ECO "B12"]
[WhiteElo "2586"]
[BlackElo "2390"]
[Annotator "ChessBase"]
[PlyCount "73"]
[EventDate "2019.08.22"]
[EventType "swiss"]
[EventCountry "ESP"]
[SourceTitle "playchess.com"]
[Source "ChessBase"]
[SourceQuality "1"]
[TimeControl "40/5400+30:1800+30"]

1. e4 c6 2. d4 d5 3. e5 Bf5 4. Nf3 e6 5. Be2 Nd7 6. O-O Ne7 7. Nh4 c5 8. c3 Qb6 9. Qa4 Bxb1 10. Rxb1 Nc6 11. Nf3 Be7 12. Be3 O-O 13. b4 c4 14. Qc2 Qc7 15. Nd2 Kh8 16. f4 f5 17. g4 g6 18. Kh1 b5 19. a4 bxa4 20. b5 Nd8 21. Qxa4 Nb6 22. Qa6 Nf7 23. gxf5 exf5 24. Nf3 Nd8 25. Rg1 Ne6 26. h4 Qd7 27. Rg2 Rg8 28. Rbg1 Nc7 29. Qa1 a6 30. bxa6 Rxa6 31. Qe1 Ne6 32. h5 Nf8 33. Bd1 Na8 34. Bc2 Rg7 35. Qg3 Nc7 36. Qh3 Ne8 37. hxg6 1-0

[Event "21st Sants Open 2019"]
[Site "Cotxeres de Sants"]
[Date "2019.08.27"]
[Round "5.13"]
[White "Martens, Martin"]
[Black "Harika, Dronavalli"]
[Result "1/2-1/2"]
[ECO "C24"]
[WhiteElo "2364"]
[BlackElo "2495"]
[Annotator "ChessBase"]
[PlyCount "40"]
[EventDate "2019.08.22"]
[EventType "swiss"]
[EventCountry "ESP"]
[SourceTitle "playchess.com"]
[Source "ChessBase"]
[SourceQuality "1"]
[TimeControl "40/5400+30:1800+30"]

1. e4 e5 2. Bc4 Nf6 3. d3 c6 4. Nf3 d5 5. Bb3 a5 6. a4 Bb4+ 7. Bd2 O-O 8. Bxb4 axb4 9. exd5 Nxd5 10. O-O Qf6 11. Qe1 Re8 12. Nbd2 Bg4 13. Qe4 Bf5 14. Qh4 Qxh4 15. Nxh4 Be6 16. Nhf3 Nd7 17. Rfe1 f6 18. d4 exd4 19. Nxd4 Bf7 20. Ne4 Kf8 1/2-1/2

[Event "21st Sants Open 2019"]
[Site "Cotxeres de Sants"]
[Date "2019.08.27"]
[Round "5.15"]
[White "Morais Carreras, Javier"]
[Black "Rios Torondell, Jaume"]
[Result "0-1"]
[ECO "C00"]
[WhiteElo "1939"]
[BlackElo "1891"]
[Annotator "NA"]
[PlyCount "60"]
[EventDate "2019.08.22"]
[EventType "swiss"]
[EventCountry "ESP"]
[SourceTitle "playchess.com"]
[Source "ChessBase"]
[SourceQuality "1"]
[TimeControl "40/5400+30:1800+30"]

1. e4 e6 2. d3 d5 3. Nd2 Nc6 4. Ngf3 Nf6 5. g3 dxe4 6. dxe4 e5 7. Bg2 Bg4 8. O-O Nd4 9. c3 Nxf3+ 10. Bxf3 Bh3 11. Re1 Qd7 12. Qb3 Bc5 13. Qxb7 O-O 14. Qa6 Ng4 15. Bxg4 Qxg4 16. Qe2 Qe6 17. b4 Be7 18. Nb3 h5 19. Be3 Qg6 20. Bc5 Bxc5 21. Nxc5 h4 22. Qe3 f5 23. exf5 Rxf5 24. Qe4 Raf8 25. Qc4+ Kh8 26. Qxh4+ Rh5 27. Qe4 Qf6 28. Qe2 Bg4 29. Nd7 Qf5 30. Qxe5 Qxf2+ 0-1